 Dungeon Crawl Stone Soup version 0.28-a0-653-g7e9dba17c3 (webtiles) character file.

Game seed: 8227404166002195422

376 SkeletonJelly the Slasher (level 6, 0/49 HPs)
             Began as a Demonspawn Fighter on Oct 12, 2021.
             Slain by an iron imp (5 damage)
             ... summoned by Natasha
             ... on level 4 of the Dungeon.
             The game lasted 00:05:03 (3277 turns).

SkeletonJelly the Slasher (Demonspawn Fighter)      Turns: 3277, Time: 00:05:04

Health: 0/49       AC:  8    Str: 24    XL:     6   Next: 44%
Magic:  6/6        EV:  9    Int:  9    God:
Gold:   69         SH:  5    Dex: 13    Spells: 5/5 levels left

rFire   . . .      SeeInvis .   q - +0 scimitar
rCold   . . .      Faith    .   c - +0 buckler
rNeg    . . .      Spirit   .   b - +0 scale mail
rPois   .          Reflect  .   n - +0 helmet
rElec   .          Harm     .   (no cloak)
rCorr   .          Rampage  .   h - +0 pair of gloves
Will    .....                   (no boots)
Stlth   ..........              (no amulet)
HPRegen 0.16/turn               p - +6 ring of strength
MPRegen 0.10/turn               (no ring)

@: slowed, very slow
A: ignite blood 2
a: no special abilities


You were on level 4 of the Dungeon.
You visited 1 branch of the dungeon, and saw 4 of its levels.

You collected 69 gold pieces.

Inventory:

Hand Weapons
 a - a +0 long sword
 f - a +2 dagger of freezing
 q - a +0 scimitar (weapon)
Missiles
 k - 11 poisoned darts (quivered)
Armour
 b - a +0 scale mail (worn)
 c - a +0 buckler (worn)
 h - a +0 pair of gloves (worn)
 n - a +0 helmet (worn)
Jewellery
 p - a +6 ring of strength (left hand)
Scrolls
 e - 3 scrolls of identify {unknown}
 i - a scroll of immolation {unknown}
 j - a scroll of acquirement {unknown}
 l - a scroll of fear {unknown}
 o - 3 scrolls of noise {unknown}
Potions
 d - 3 potions of might
 g - a potion of heal wounds {unknown}
 m - a potion of flight {unknown}


   Skills:
 + Level 4.4 Fighting
 * Level 4.7 Long Blades
 - Level 2.6 Armour
 - Level 4.0 Shields


You had 5 spell levels left.
You didn't know any spells.
Your spell library contained the following spells:

 Spells                   Type           Power      Damage    Failure   Level
 Call Canine Familiar     Summ           0%         N/A       96%         3
 Portal Projectile        Hex/Tloc       0%         N/A       96%         3
 Leda's Liquefaction      Hex/Erth       0%         N/A       100%        4


Dungeon Overview and Level Annotations

Branches:
Dungeon (4/15)
 Temple: D:4-7

Altars:

Shops:
D:2 [

Annotations:
D:4 Natasha


Innate Abilities, Weirdness & Mutations

Your demonic aura often causes spilled blood to erupt in flames.


Message History

No target in view!
No target in view!
Natasha, Servant of Life and Death comes into view.
Health restored: 49 Natasha is nearby!
Natasha is nearby!
Natasha is nearby!
Natasha is nearby!
Natasha is nearby!
Natasha casts a spell at you. You resist with some effort.
Natasha casts a spell.
Found a scroll labelled LUKHLI TUKLEH.
Natasha wildly gestures.
Natasha shimmers violently.
Natasha casts a spell at you. The magic dart hits you!
You take 8 damage, and have 41/49 hp.
A hound comes into view.
Found 13 gold pieces.
The hound barks!
Natasha casts a spell.
Found a robe.
Natasha casts a spell at you.
You feel yourself slow down. You block the iron imp's attack.
Your scale mail prevents you from hitting the crimson imp.
A ball python comes into view.
The iron imp hits you but does no damage.
The crimson imp misses you.
Natasha hisses.
Natasha claws you but does no damage.
The ball python hisses angrily.
You hit the hound.
The hound is moderately wounded.
The hound closely misses you.
The crimson imp blinks!
The iron imp hits you.
Natasha mewls in sadness.
You block Natasha's attack. The hound bites you.
The crimson imp shouts, "Quit, thou rough-hewn moon-mazed crab-lanthorn!"
A rat comes into view.
The iron imp barely misses you. You block Natasha's attack.
You take 8 damage, and have 34/49 hp.
You slash the hound!
You kill the hound!
Natasha stares at you and mumbles some strange words.
The magic dart hits you! The iron imp hits you.
Training target 4.0 for Shields reached!
Your Shields skill increases to level 4!
You take 11 damage, and have 23/49 hp.
MASSIVE DAMAGE!!
You are too injured to fight recklessly!
You barely miss Natasha. Natasha barely misses you.
The iron imp hits you but does no damage.
The crimson imp blinks!
Natasha barely misses you.
You barely miss Natasha. The ball python closely misses you.
The ball python grabs you. The ball python constricts you.
Natasha casts a spell at you.
You feel as though you will be slow longer.
The iron imp hits you but does no damage.
You block the ball python's attack. The ball python constricts you.
The iron imp spits at you. The iron imp hits you. Natasha barely misses you.
You take 3 damage, and have 20/49 hp.
You hit Natasha but do no damage. You block the ball python's attack.
The ball python constricts you. Natasha claws you.
The ball python bites you but does no damage.
The ball python constricts you. The iron imp barely misses you.
The rat bites you but does no damage.
Natasha mumbles some strange words.
The crimson imp hits you.
* * * LOW HITPOINT WARNING * * *
You take 6 damage, and have 14/49 hp.
You hit Natasha.
Natasha is moderately wounded.
The ball python bites you.
* * * LOW HITPOINT WARNING * * *
The ball python constricts you.
* * * LOW HITPOINT WARNING * * *
You block the ball python's attack. The ball python constricts you.
The rat completely misses you. Natasha claws you but does no damage.
The crimson imp closely misses you.
The iron imp grinds its teeth.
The iron imp hits you.
* * * LOW HITPOINT WARNING * * *
You take 3 damage, and have 11/49 hp.
You barely miss Natasha.
Natasha is moderately wounded.
You block the ball python's attack. The ball python constricts you.
You block the rat's attack. You block Natasha's attack.
The crimson imp hits you but does no damage.
The ball python barely misses you. The ball python constricts you.
* * * LOW HITPOINT WARNING * * *
The iron imp hits you but does no damage.
The rat bites you.
* * * LOW HITPOINT WARNING * * *
The iron imp hits you.
* * * LOW HITPOINT WARNING * * *
Natasha claws you but does no damage. The crimson imp closely misses you.
You take 7 damage, and have 4/49 hp.
You escape the ball python's grasp.
The crimson imp blinks!
The iron imp hits you.
You die...

.. #...........#.....
...#.............##.#
................>#..#
..............?..#..#
.....†..........5#..# #.
...................# ....
.................S.#...[.
...............r§5.......
.
................@5h......
#.
.......<.................
#.
........................#
#.....##..............
..#........###....?.. ##
..$.### ....... #...
#....## ... ....#


You could see 2 iron imps, Natasha, a crimson imp (summoned), a ball python and
a rat.

Vanquished Creatures
  A black bear (D:3)
  A bullfrog (D:4)
  2 hounds
  Natasha (D:4)
  An iguana (D:4)
  An orc wizard (D:3)
  2 adders
  3 dart slugs
  3 orcs (D:3)
  8 bats
  11 endoplasms
  4 giant cockroaches
  5 goblins
  4 hobgoblins
  A jackal (D:2)
  3 quokkas
  5 ball pythons
  3 frilled lizards
  5 kobolds
  2 rats (D:2)
66 creatures vanquished.

Notes
Turn   | Place    | Note
-------+----------+-------------------------------------------
     0 | D:1      | SkeletonJelly the Demonspawn Fighter began the quest for
                  | the Orb.
     0 | D:1      | Reached XP level 1. HP: 18/18 MP: 1/1
   105 | D:1      | Found a faded altar of an unknown god.
   147 | D:1      | Gained mutation: Your demonic aura sometimes causes spilled
                  | blood to erupt in flames. [demonic ancestry]
   147 | D:1      | Reached XP level 2. HP: 8/24 MP: 2/2
  1034 | D:2      | Found Udiusur's Antique Armour Boutique.
  1360 | D:2      | Reached XP level 3. HP: 29/29 MP: 3/3
  2129 | D:3      | Noticed a black bear
  2137 | D:3      | Killed a black bear
  2138 | D:3      | Reached XP level 4. HP: 25/37 MP: 4/4
  2138 | D:3      | Reached XP level 5. HP: 28/42 MP: 5/5
  3030 | D:4      | Gained mutation: Your demonic aura often causes spilled
                  | blood to erupt in flames. [demonic ancestry]
  3030 | D:4      | Reached XP level 6. HP: 41/48 MP: 6/6
  3189 | D:4      | Noticed Natasha
  3195 | D:4      | Killed Natasha
  3263 | D:4      | Noticed Natasha
  3277 | D:4      | Slain by an iron imp

Illustrated notes

Levels and vault maps discovered:
D:1:      psy_arrival_whirlpool, layout_basic, ebering_ecumenical_altar_ruins
D:2:      layout_basic, serial_shops,
          nicolae_shop_temple_entry_statues_fountains
D:3:      layout_loops_ring, chequers_serial_rivers_small_b
D:4:      layout_cave_pools, kennysheep_mini, minmay_temple_entry_antechambers,
          hangedman_decor_diamond_cutter, minmay_rat_hole, uniq_natasha

Skill      XL: |  1  2  3  4  5  6 |
---------------+-------------------+-----
Long Blades    | 2 3 4 |  4.7
Shields        | 3 4 |  4.0
Fighting       | 4 |  4.4
Armour         | |  2.6

Action                   |  1- 3 |  4- 6 || total
-------------------------+-------+-------++-------
Melee: Long sword        |   109 |    61 ||   170
       Scimitar          |       |    20 ||    20
  Use: Potion            |     1 |       ||     1
Armor: Scale mail        |    55 |    48 ||   103
Dodge: Dodged            |    65 |    28 ||    93
Block: Buckler           |    38 |    19 ||    57

Table legend: (Time is in decaauts)
 A = Elapsed time spent in this place.
 B = Non-inter-level travel time spent in this place.
 C = Inter-level travel time spent in this place.
 D = Time resting spent in this place.
 E = Time spent auto-exploring this place.
 F = Levels seen in this place.
 G = Mean time per level.
                   A        B        C        D        E       F      G
               +--------+--------+--------+--------+--------+-----+--------+
         Total |   3337 |   3215 |    122 |      0 |   2740 |   4 |  834.2 |
       Dungeon |   3337 |   3215 |    122 |      0 |   2740 |   4 |  834.2 |
               +--------+--------+--------+--------+--------+-----+--------+

Top non-repeatable levels by time:
     D:1: 1049 daAuts
     D:3: 1032 daAuts
     D:2: 959 daAuts
     D:4: 296 daAuts
